 Dungeon Crawl Stone Soup version 0.23-a0-139-ga22e90c45f (webtiles) character file.

143 Holzbalken the Cudgeler (level 5, -7/32 HPs)
             Began as a Gargoyle Monk on Aug 31, 2018.
             Was a Believer of Ashenzari.
             Mangled by an orc warrior
             ... wielding a +0 trident
              (9 damage)
             ... on level 4 of the Dungeon.
             The game lasted 00:08:59 (2836 turns).

Holzbalken the Cudgeler (Gargoyle Monk)             Turns: 2836, Time: 00:08:59

Health: -7/32      AC: 13    Str: 16    XL:     5   Next: 25%
Magic:  5/5        EV:  7    Int: 10    God:    Ashenzari [**....]
Gold:   139        SH:  0    Dex: 12    Spells: 4/4 levels left

rFire    . . .     SeeInvis .   a - +0 mace
rCold    . . .     Gourm    .   (no shield)
rNeg     + . .     Faith    .   g - +0 chain mail
rPois    ∞         Spirit   .   (no helmet)
rElec    +         Reflect  .   (no cloak)
rCorr    .         Harm     .   (no gloves)
MR       .....                  h - +0 pair of boots
Stlth    ..........             (no amulet)
HPRegen  0.10/turn              (no ring)
MPRegen  0.09/turn              (no ring)

@: no status effects
A: negative energy resistance 1, electricity resistance, unbreathing,
petrification resistance, rot immunity, AC +4
a: Curse Item, Scrying, Renounce Religion


You were on level 4 of the Dungeon.
You worshipped Ashenzari.
Ashenzari was pleased with you.
You were not hungry.

You visited 1 branch of the dungeon, and saw 4 of its levels.

You collected 139 gold pieces.

Inventory:

Hand Weapons
 a - a +0 mace (weapon)
Armour
 b - a +0 robe
 g - a +0 chain mail (worn)
 h - a +0 pair of boots (worn)
Scrolls
 d - a scroll of remove curse
 e - 2 scrolls of blinking {unknown}
 i - a scroll of teleportation {unknown}
 l - a scroll of amnesia {unknown}
 m - a scroll of random uselessness {unknown}
 n - 3 scrolls of identify {unknown}
 o - a scroll of enchant weapon {unknown}
Potions
 f - 2 potions of might {unknown}
 j - 2 potions of resistance {unknown}
 k - 3 potions of agility {unknown}
Comestibles
 c - 7 rations
 p - 3 chunks of flesh


   Skills:
 - Level 3.2 Fighting
 + Level 5.8 Maces & Flails
 - Level 2.4 Dodging
 - Level 2.1 Stealth


You had 4 spell levels left.
You didn't know any spells.
Your spell library was empty.

Dungeon Overview and Level Annotations

Branches:
Dungeon (4/15)
 Temple: D:4-7

Altars:
Ashenzari
Gozag
Kikubaaqudgha
Trog


Innate Abilities, Weirdness & Mutations

You are resistant to torment.
Your stone body is resilient. (AC +4)
You are immune to poison.
You resist negative energy. (rN+)
You are resistant to electric shocks. (rElec)
You can survive without breathing.
You are immune to petrification.
You are immune to rotting.


Message History

You now have 125 gold pieces (gained 8).
Some of the chunks of flesh in your inventory have rotted away.
You now have 139 gold pieces (gained 14).
An orc warrior comes into view. It is wielding a trident.
The orc warrior shouts!
The orc warrior barely misses you. The orc warrior closely misses you.
You completely miss the orc warrior. The orc warrior barely misses you.
You hit the orc warrior but do no damage.
The orc warrior hits you with a trident!
You hit the orc warrior but do no damage.
The orc warrior hits you with a trident.
Your chain mail prevents you from hitting the orc warrior.
The orc warrior hits you with a trident.
You hit the orc warrior.
The orc warrior is lightly wounded.
The orc warrior hits you with a trident!
* * * LOW HITPOINT WARNING * * *
The orc warrior hits you from afar with a trident!
You die...

** * ,##..#####.###### ####.# ...
**###.# ### ...... * ,#..,,,....#
#.. ####.# *,#.. ,..### #.# ####
#.# #.# #.# ...., ** ,#.# #.# #.#
#### #,#o# #.# #.# ##### #
##.#.#####.## #.# .....,.#
##....@#.....########.#
#####..............###...........
.......###.......### #.......###.
.....# #.....### ##.....### #.
....## #....# #.....## ##. ..###
#....#* ##...### #.. .## *#...#
#...## ##.. ## ..# ##..## ##... #
##..## #...#


You could see an orc warrior.

Vanquished Creatures
  A howler monkey (D:3)
  A worker ant (D:4)
  2 adders
  2 worms (D:3)
  2 dart slugs
  2 leopard geckos
  An orc (D:4)
  5 giant cockroaches
  3 goblins
  9 hobgoblins
  3 jackals (D:4)
  4 kobolds
  2 quokkas
  3 bats
  3 frilled lizards
  6 rats
49 creatures vanquished.

Notes
Turn   | Place    | Note
-------+----------+-------------------------------------------
     0 | D:1      | Holzbalken the Gargoyle Monk began the quest for the Orb.
     0 | D:1      | Reached XP level 1. HP: 14/14 MP: 1/1
   220 | D:1      | Reached XP level 2. HP: 19/19 MP: 2/2
   243 | D:1      | Found a shattered altar of Ashenzari.
   251 | D:1      | Became a worshipper of Ashenzari the Shackled
   251 | D:1      | Reached * piety under Ashenzari
   251 | D:1      | Reached ** piety under Ashenzari
   546 | D:2      | Found a bloodstained altar of Trog.
   549 | D:2      | Found an ancient bone altar of Kikubaaqudgha.
   551 | D:2      | Found an opulent altar of Gozag.
   693 | D:2      | Reached skill level 4 in Maces & Flails
   695 | D:2      | Reached XP level 3. HP: 23/23 MP: 3/3
  1570 | D:3      | Found a shattered altar of Ashenzari.
  2104 | D:3      | Reached XP level 4. HP: 28/28 MP: 4/4
  2501 | D:4      | Noticed an ogre
  2544 | D:3      | Reached skill level 5 in Maces & Flails
  2669 | D:4      | Reached XP level 5. HP: 28/32 MP: 5/5
  2828 | D:4      | Noticed an orc warrior
  2836 | D:4      | Mangled by an orc warrior

Vault maps used:
D:1:      matt_arrival_diagonals, ashenzari_altar_1
D:2:      grunt_temple_overflow_open, chequers_big_river
D:3:      marbit_many_paths, first_ration
D:4:      minmay_thick_lines, nicolae_overflow_hidden_temple,
          lemuel_zombie_altar_yredelemnul, sigmund_army, uniq_menkaure

Skill      XL: |  1  2  3  4 |
---------------+-------------+-----
Maces & Flails | 4 5 |  5.8
Fighting       | |  3.2
Dodging        | |  2.4
Stealth        | |  2.1

Action                   |  1- 3 |  4- 6 || total
-------------------------+-------+-------++-------
Melee: Mace              |   103 |    71 ||   174
 Stab: Sleeping          |     2 |       ||     2
  Eat: Chunk             |     4 |     2 ||     6
Armor: Robe              |     6 |       ||     6
       Chain mail        |    49 |    47 ||    96
Dodge: Dodged            |    45 |    39 ||    84

Table legend:
 A = Non-vault XP
 B = Vault XP
 C = Vault XP percentage of total XP
 D = Non-vault monster count
 E = Vault monster count
 F = Vault count percentage of total count
                 A         B        C        D         E       F
            +---------+---------+-------+---------+---------+-------
      Total |     147 |      58 |  28.3 |      46 |       3 |   6.1
            +---------+---------+-------+---------+---------+-------
        D:1 |      17 |       0 |   0.0 |      10 |       0 |   0.0
        D:2 |      38 |       0 |   0.0 |      14 |       0 |   0.0
        D:3 |      34 |      55 |  61.8 |      14 |       2 |  12.5
        D:4 |      58 |       3 |   4.9 |       8 |       1 |  11.1
            +---------+---------+-------+---------+---------+-------
